 Dungeon Crawl Stone Soup version 0.29-a0-222-g5b244fca1f (webtiles) character file.

Game seed: 5531347174928658026

1821 Azmakalis the Tainter (level 9, -1/51 HPs)
             Began as an Octopode Venom Mage on Feb 27, 2022.
             Was a Believer of Vehumet.
             Slain by a troll (13 damage)
             ... on level 6 of the Dungeon.
             The game lasted 00:22:08 (9199 turns).

Azmakalis the Tainter (Octopode Venom Mage)         Turns: 9199, Time: 00:22:08

Health: -1/51      AC:  1    Str:  7    XL:     9   Next: 10%
Magic:  6/15       EV: 13    Int: 22    God:    Vehumet [**....]
Gold:   107        SH:  0    Dex: 14    Spells: 4/16 levels left

rFire   . . .      SeeInvis .   o - +4 dagger of Triumph {drain, Dex+2}
rCold   . . .      Faith    .   (no shield)
rNeg    . . .      Spirit   .   (helmet restricted)
rPois   .          Reflect  .   (no amulet)
rElec   .          Harm     .   (no ring)
rCorr   .          Rampage  .   (no ring)
Will    .....                   (no ring)
Stlth   +++.......              (no ring)
HPRegen 0.17/turn               (no ring)
MPRegen 0.14/turn               (no ring)
                                (no ring)
                                (no ring)

@: no status effects
A: almost no armour, amphibious, 8 rings, camouflage 1, gelatinous body 1,
(nimble swimmer 1), tentacles
a: Renounce Religion


You were on level 6 of the Dungeon.
You worshipped Vehumet.
Vehumet was pleased with you.
You visited 1 branch of the dungeon, and saw 6 of its levels.
You also visited: Sewer.

You collected 305 gold pieces.
You spent 198 gold pieces at shops.

Inventory:

Hand Weapons
 o - the +4 dagger of Triumph (weapon) {drain, Dex+2}
   (You found it on level 4 of the Dungeon)

   A truly terrible weapon, it drains the life of any living foe it strikes.
   Dex:       It affects your dexterity (+2).
 r - a +1 flail of protection
 B - the +4 quarterstaff of Weumit Wauh {flame, Dex+7}
   (You bought it in a shop on level 5 of the Dungeon)

   It burns those it strikes, dealing additional fire damage.
   Dex:       It affects your dexterity (+7).
Missiles
 x - a curare-tipped dart
Magical Staves
 e - a staff of earth
 v - a staff of fire {rF+}
Jewellery
 y - an amulet of faith {Faith, !P}
 G - an amulet of guardian spirit {Spirit}
Wands
 u - a wand of iceblast (5)
Scrolls
 b - 2 scrolls of amnesia {unknown}
 f - a scroll of magic mapping {unknown}
 i - 2 scrolls of identify
 k - a scroll of enchant weapon {unknown}
 l - a scroll of blinking {unknown}
 n - a scroll of holy word {!r}
 q - a scroll of fear {unknown}
 s - a scroll of brand weapon {unknown}
 t - a scroll of teleportation
Potions
 a - a potion of degeneration {unknown}
 c - a potion of mutation {unknown}
 d - 2 potions of heal wounds
 g - a potion of attraction {unknown}
 h - 2 potions of ambrosia
 j - 2 potions of curing {unknown}
 m - 3 potions of invisibility {unknown}
 p - 2 potions of magic {unknown}
 w - a potion of might {unknown}
 z - a potion of cancellation {unknown}
 A - a potion of resistance {unknown}
 C - a potion of flight {unknown}


   Skills:
 - Level 2.0 Dodging
 - Level 2.6 Stealth
 - Level 4.0 Spellcasting
 + Level 6.2 Conjurations
 - Level 1.0 Transmutations
 - Level 11.0 Poison Magic


You had 4 spell levels left.
You knew the following spells:

 Your Spells              Type           Power      Damage    Failure   Level
a - Sting                 Tmut/Pois      100%       1d8       1%          1
b - Poisonous Vapours     Pois/Air       56%        N/A       1%          2
c - Olgreb's Toxic Radia  Pois           52%        N/A       1%          4
d - Searing Ray           Conj           62%        2d6       1%          2
x - Mephitic Cloud        Conj/Pois/Air  29%        N/A       3%          3

Your spell library contained the following spells:

 Spells                   Type           Power      Damage    Failure   Level
 Frozen Ramparts          Ice            8%         1d2       32%         3
 Ice Form                 Ice/Tmut       6%         N/A       65%         4
 Summon Ice Beast         Ice/Summ       4%         N/A       73%         4


Dungeon Overview and Level Annotations

Branches:
Dungeon (6/15)              Sewer (visited)
 Temple: D:4-7

Altars:
Fedhas
Okawaru
Ru
Uskayaw
Vehumet
The Shining One

Shops:
D:2 [   D:5 (

Annotations:
D:6 exclusion: cyclops


Innate Abilities, Weirdness & Mutations

You cannot wear most types of armour.
You are amphibious.
You can wear up to eight rings at the same time.
Your skin changes colour to match your surroundings (Stealth+).
Your rubbery body absorbs attacks. (AC +1, EV +1)
((You are camouflaged when in or above water. (Stealth+)))
You have tentacles for arms and can constrict up to eight enemies at once.


Message History

There is a stone staircase leading down here.
You open the door.
A troll is nearby!
Aim: a troll (asleep) Poisonous vapours surround the troll!
The troll is poisoned.
The troll shouts!
You now have 13/15 mp.
Aim: a troll (very poisoned) Poisonous vapours surround the troll!
The troll looks as sick as possible!
You now have 11/15 mp.
Aim: a troll (lightly wounded, extremely poisoned, 79% to hit)
The searing ray hits the troll! (Press . to maintain the ray.)
You now have 9/15 mp.
The searing ray misses the troll.
You now have 8/15 mp.
The searing ray hits the troll.
You now have 7/15 mp.
The searing ray hits the troll!
You finish channelling your searing ray.
The troll barely misses you. The troll misses you. The troll claws you.
You take 3 damage, and have 48/51 hp.
You now have 6/15 mp.
You hit the troll. The troll barely misses you. The troll claws you!
The troll claws you.
You take 16 damage, and have 32/51 hp.
MASSIVE DAMAGE!!
Unknown command.
You closely miss the troll. You squeeze the troll!
The troll closely misses you. The troll claws you!
* * * LOW HITPOINT WARNING * * *
The troll misses you.
You take 13 damage, and have 20/51 hp.
MASSIVE DAMAGE!!
Unknown command.
Aim: a troll (almost dead, poisoned) Poisonous vapours surround the troll!
The troll looks even sicker.
The troll barely misses you. The troll claws you!
* * * LOW HITPOINT WARNING * * *
The troll claws you!
You die...

......#.#..# #.##...#.(.......##
...#.##.#..' #....#.#...........
...#.#.#...#########.#......#####
....#.#.)..'.........#...........
.....##....#####.....#.#..#######
.......#... #.###.#.##### #
.......#.# #.# #.#.#...# #
.........#### #T# #...#...######
..........).. #@######....+.....
#####.####### #...#.......##....
#.# ###.#.##..#....8.. #.#
####.#.##..#.......
#.#########....#.##..#....8..
#.##...........#.##..#..#....
#####.##.#...........##..#..#.8..
......##.#..........###..#.......
########.#........#.# #..##.#....


You could see a troll (very poisoned).

Levels and vault maps discovered:
D:1:      evilmike_arrival_rings, layout_loops_ring
D:2:      layout_basic, serial_shops, nicolae_shop_hallway_plus,
          ebering_ecumenical_altar_rust, minmay_ruptured
D:3:      layout_basic, lemuel_tele_altar, minmay_quantized
D:4:      minmay_diamond_boxcup, layout_basic, tso_metal_star, fedhas_altar_4,
          uniq_robin
D:5:      layout_rooms, gammafunk_temple_overflow_statue, serial_shops,
          nicolae_take_the_stairs, serial_curves, eino_curves_04,
          eino_curves_01, uniq_eustachio, uniq_prince_ribbit1
D:6:      layout_basic, eat_drink_and_be_merry_uskayaw, gup_sewer_entry_glass,
          minmay_manual_mess

Notes
Turn   | Place    | Note
-------+----------+-------------------------------------------
     0 | D:1      | Azmakalis the Octopode Venom Mage began the quest for the
                  | Orb.
     0 | D:1      | Reached XP level 1. HP: 11/11 MP: 3/3
    23 | D:1      | Identified an amulet of guardian spirit
   177 | D:1      | Identified a +0 dagger
   255 | D:1      | Reached skill level 4 in Poison Magic
   435 | D:1      | Reached XP level 2. HP: 15/17 MP: 5/5
   438 | D:1      | Learned a level 2 spell: Poisonous Vapours
   571 | D:1      | Identified a +0 short sword
   826 | D:1      | Identified a +0 club
   900 | D:1      | Reached skill level 5 in Poison Magic
   900 | D:1      | Reached XP level 3. HP: 21/21 MP: 6/6
   901 | D:1      | Identified a +0 dagger
  1074 | D:1      | Identified a +0 leather armour
  1127 | D:2      | Identified a +0 falchion
  1193 | D:2      | Found a faded altar of an unknown god.
  1201 | D:2      | HP: 5/21 [jackal (1)]
  1448 | D:2      | Identified a -1 spear
  1517 | D:2      | Identified a +0 mace
  1533 | D:2      | Identified a +0 dagger
  1636 | D:2      | Identified a +0 dagger
  1682 | D:2      | Found Ququvyl's Armour Shoppe.
  1756 | D:2      | Identified a +0 short sword
  1952 | D:2      | Learned a level 3 spell: Mephitic Cloud
  2169 | D:2      | Identified a +0 spear
  2275 | D:2      | Identified a +2 short sword of speed
  2688 | D:3      | Identified a +0 club
  2698 | D:3      | Reached XP level 4. HP: 27/27 MP: 7/7
  2817 | D:3      | Found a radiant altar of Vehumet.
  2854 | D:3      | Identified a +0 club
  2901 | D:3      | Became a worshipper of Vehumet
  2967 | D:3      | Reached skill level 6 in Poison Magic
  3439 | D:3      | Identified a +0 mace
  3589 | D:4      | Identified a +0 short sword
  3598 | D:4      | Identified a +0 mace
  3599 | D:4      | Identified a +0 short sword
  3601 | D:4      | Identified a +0 dagger
  3601 | D:4      | Identified a +0 robe
  3737 | D:4      | Reached XP level 5. HP: 26/31 MP: 3/9
  3796 | D:4      | Identified a +0 robe
  3842 | D:4      | Reached skill level 3 in Spellcasting
  4050 | D:4      | Identified 5 scrolls of identify
  4050 | D:4      | Identified 2 potions of ambrosia
  4051 | D:4      | Identified 2 potions of heal wounds
  4064 | D:4      | Identified a +0 dagger
  4066 | D:4      | Identified a +0 club
  4067 | D:4      | Identified a +0 dagger
  4071 | D:4      | Identified a +0 club
  4078 | D:4      | Identified a +0 short sword
  4078 | D:4      | Identified a +0 animal skin
  4078 | D:4      | Identified a +0 helmet
  4078 | D:4      | Noticed Robin
  4080 | D:4      | Identified a +0 club
  4082 | D:4      | Identified a +0 dagger
  4093 | D:4      | Killed Robin
  4097 | D:4      | Identified a +0 club
  4141 | D:4      | Identified a +0 dagger
  4153 | D:4      | Identified a +0 club
  4210 | D:4      | Identified a +0 short sword
  4385 | D:4      | Identified a +0 dagger
  4492 | D:4      | Identified a +0 hand axe
  4576 | D:4      | Found a glowing golden altar of the Shining One.
  4678 | D:4      | Reached skill level 4 in Spellcasting
  4727 | D:4      | Learned a level 4 spell: Olgreb's Toxic Radiance
  4755 | D:4      | Identified a +0 short sword
  4807 | D:4      | Identified the +1 ring mail of Yesterday {Regen+ Int+3}
  4823 | D:4      | Identified the +4 dagger of Triumph {drain, Dex+2}
  4827 | D:4      | Identified a scroll of holy word
  4937 | D:4      | Found a blossoming altar of Fedhas.
  4972 | D:4      | Identified a +0 rapier
  5334 | D:5      | Entered Level 5 of the Dungeon
  5453 | D:5      | Found an iron altar of Okawaru.
  5453 | D:5      | Found a sacrificial altar of Ru.
  5466 | D:5      | Identified a +1 rapier of speed
  5466 | D:5      | Identified a +0 leather armour
  5466 | D:5      | Noticed Eustachio
  5577 | D:5      | Reached XP level 6. HP: 36/36 MP: 9/12
  5655 | D:5      | Identified a +1 flail of protection
  5658 | D:5      | Identified a +0 flail
  5659 | D:5      | Identified a +0 flail
  5684 | D:5      | Reached skill level 7 in Poison Magic
  5813 | D:5      | Identified a +0 whip
  5990 | D:5      | Found Recsamato's Antique Weapon Boutique.
  6024 | D:5      | Noticed Prince Ribbit
  6032 | D:5      | Killed Prince Ribbit
  6033 | D:5      | Reached skill level 8 in Poison Magic
  6033 | D:5      | Reached XP level 7. HP: 20/41 MP: 4/13
  6104 | D:5      | Identified a +0 flail
  6108 | D:5      | Identified a +0 dagger
  6108 | D:5      | Identified a +0 robe
  6119 | D:5      | HP: 5/41 [something/magic dart (6)]
  6123 | D:5      | Reached skill level 1 in Conjurations
  6452 | D:5      | Killed Eustachio
  6453 | D:5      | Reached skill level 3 in Conjurations
  6580 | D:6      | Found a glowing drain.
  6581 | D:6      | Identified 2 scrolls of teleportation
  6603 | D:6      | Reached * piety under Vehumet
  6603 | D:6      | Offered knowledge of Magic Dart by Vehumet.
  6683 | Sewer    | Entered a sewer
  6730 | Sewer    | Identified a +0 dagger
  6730 | Sewer    | Identified a +0 short sword
  6730 | Sewer    | Identified a +0 dagger
  6730 | Sewer    | Identified a +0 short sword
  6730 | Sewer    | Identified a +0 short sword
  6730 | Sewer    | Identified a +0 short sword
  6730 | Sewer    | Identified a +0 short sword
  6742 | Sewer    | Reached skill level 4 in Conjurations
  6743 | Sewer    | Reached XP level 8. HP: 35/46 MP: 3/14
  6934 | Sewer    | Identified a +0 whip
  6941 | Sewer    | Identified the +0 helmet of the Abyss {rPois rCorr}
  6968 | Sewer    | Identified a +0 short sword
  6968 | Sewer    | Identified a +0 club
  6968 | Sewer    | Identified a +0 dagger
  6968 | Sewer    | Identified a +0 short sword
  6968 | Sewer    | Identified a +0 short sword
  6968 | Sewer    | Identified a +0 dagger
  6968 | Sewer    | Identified a +0 dagger
  6969 | Sewer    | Identified a +0 dagger
  6970 | Sewer    | Identified a +0 dagger
  6979 | Sewer    | Reached skill level 5 in Conjurations
  7115 | Sewer    | Identified a +0 whip
  7115 | Sewer    | Identified a +0 dagger
  7258 | D:6      | Reached skill level 6 in Conjurations
  7358 | D:6      | Noticed a cyclops
  7358 | D:6      | Identified a +0 flail
  7358 | D:6      | Identified a +0 leather armour
  7358 | D:6      | Noticed a troll
  7386 | D:6      | HP: 11/46 [phantom (3)]
  7389 | D:6      | HP: 4/46 [phantom (8)]
  7558 | D:6      | Identified an amulet of faith
  7616 | D:6      | Identified a +2 vorpal hand axe
  7749 | D:5      | Bought a bloodstained quarterstaff for 198 gold pieces
  7749 | D:5      | Identified the +4 quarterstaff of Weumit Wauh {flame,
                  | Dex+7} (You bought it in a shop on level 5 of the Dungeon)
  7762 | D:6      | Reached skill level 9 in Poison Magic
  7872 | D:6      | Reached ** piety under Vehumet
  7872 | D:6      | Offered knowledge of Searing Ray by Vehumet.
  7876 | D:6      | Learned a level 2 spell: Searing Ray
  8302 | D:6      | Found a hide-covered altar of Uskayaw.
  8322 | D:6      | Identified a +0 hand axe
  8325 | D:6      | Identified a +4 hand axe
  8662 | D:6      | HP: 4/46 [cyclops (27)]
  8970 | D:6      | Killed a cyclops
  8971 | D:6      | Reached skill level 11 in Poison Magic
  8971 | D:6      | Reached XP level 9. HP: 51/51 MP: 1/15
  9199 | D:6      | HP: 12/51 [troll (9)]
  9199 | D:6      | Slain by a troll

Table legend: (Time is in decaauts)
 A = Elapsed time spent in this place.
 B = Non-inter-level travel time spent in this place.
 C = Inter-level travel time spent in this place.
 D = Time resting spent in this place.
 E = Time spent auto-exploring this place.
 F = Levels seen in this place.
 G = Mean time per level.
                   A        B        C        D        E       F      G
               +--------+--------+--------+--------+--------+-----+--------+
         Total |   9190 |   8807 |    383 |    884 |   6581 |   7 | 1312.9 |
       Dungeon |   8666 |   8283 |    383 |    873 |   6197 |   6 | 1444.3 |
         Sewer |    523 |    523 |      0 |     11 |    384 |   1 |  523.0 |
               +--------+--------+--------+--------+--------+-----+--------+

Top non-repeatable levels by time:
     D:6: 1912 daAuts
     D:4: 1728 daAuts
     D:2: 1535 daAuts
     D:5: 1439 daAuts
     D:1: 1117 daAuts
     D:3: 933 daAuts
   Sewer: 523 daAuts

Table legend:
 A = Kills in this place as a percentage of kills in entire the game.
 B = Kills by you in this place as a percentage of kills by you in the entire game.
 C = Kills by friends in this place as a percentage of kills by friends in the entire game.
 D = Other kills in this place as a percentage of other kills in the entire game.
 E = Experience gained in this place as a percentage of experience gained in the entire game.
 F = Experience gained in this place divided by the number of levels of this place that you have seen.
                   A       B       C       D       E      F
               +-------+-------+-------+-------+-------+----------------------
         Total | 100.0 | 100.0 |   N/A | 100.0 | 100.0 | 371.7
       Dungeon |  81.6 |  81.5 |   N/A | 100.0 |  79.7 | 345.7
         Sewer |  18.4 |  18.5 |   N/A |   0.0 |  20.3 | 528.0
               +-------+-------+-------+-------+-------+----------------------

Skill      XL: |  1  2  3  4  5  6  7  8 |
---------------+-------------------------+-----
Poison Magic   | 4 5 6 8 11 | 11.0
Spellcasting   | 4 |  4.0
Conjurations   | 4 6 |  6.2
Dodging        | |  2.0
Stealth        | |  2.6
Transmutations | |  1.0

Action                   |  1- 3 |  4- 6 |  7- 9 || total
-------------------------+-------+-------+-------++-------
Melee: Dagger            |    35 |    23 |    50 ||   108
       Tentacles         |    17 |    18 |    19 ||    54
       Constrict         |    15 |    21 |    11 ||    47
       Unarmed           |     5 |       |       ||     5
       Falchion          |    21 |       |       ||    21
       Short sword       |     9 |    81 |       ||    90
       Spear             |     4 |       |       ||     4
       Punch             |     1 |       |     3 ||     4
       Flail             |       |       |    19 ||    19
       Quarterstaff      |       |       |    10 ||    10
 Cast: Poisonous Vapours |     9 |    45 |    31 ||    85
       Mephitic Cloud    |       |     1 |    10 ||    11
       Olgreb's Toxic Ra |       |       |     6 ||     6
       Searing Ray       |       |       |     2 ||     2
Evoke: Wand              |       |       |     3 ||     3
  Use: Scroll            |       |     3 |     2 ||     5
       Potion            |       |       |     2 ||     2
 Stab: Sleeping          |    15 |    11 |     2 ||    28
       Confused          |       |       |     1 ||     1
Armor: Skin              |     7 |     4 |    12 ||    23
Dodge: Dodged            |    48 |    36 |    36 ||   120

Vanquished Creatures
  A cyclops (D:6)
  Prince Ribbit (D:5)
  Eustachio (D:5)
  A black bear (D:6)
  A necrophage (D:6)
  A phantom (D:6)
  5 kobold brigands (Sewer)
  A scorpion (D:6)
  A howler monkey (D:5)
  A hound (D:4)
  2 orc wizards
  An iguana (D:5)
  Robin (D:4)
  4 gnolls (D:5)
  10 adders
  A shadow imp (D:3)
  A white imp (D:6)
  A worm (D:3)
  3 dart slugs
  9 orcs
  13 ball pythons
  5 bats
  8 endoplasms
  8 giant cockroaches
  8 hobgoblins
  6 jackals
  3 quokkas
  6 frilled lizards
  13 goblins
  22 kobolds
  8 rats
147 creatures vanquished.

Vanquished Creatures (others)
  2 plants (Sewer)
2 creatures vanquished.

Grand Total: 149 creatures vanquished
